AoeStats
← SigmaGoon18

Lombardia

508577496Analyzed
4v4 RM · 8d ago on Sep 23, 2026· 54m 55s· 8 players
Game mode
Random Map
Map size
Large (8 player)
Population
200
Speed
Normal
Resources
Standard
Victory
Conquest
Starting age
Dark Age
Ending age
Imperial Age
RankedLock teamsTeams togetherTeam positionsShared explorationLock speedFull tech treeHidden civsTurbo modeCheats
Victory
Defeat
🇺🇸 Varangians · United States
1015
+16
🇺🇸 Magyars · United States
1014
+16
🇺🇸 Teutons · United States
981
+19
🇰🇼 Spanish · Kuwait
969
+18
🇺🇸 Saxons · United States
1038
-18
🇺🇸 Mongols · United States
1033
-18
🇺🇸 Varangians · United States
1014
-17
🇺🇸 Saracens · United States
997
-16
SigmaGoon18
8:22 Loom
11:03 Feudal Age
11:50 Double-Bit Axe
18:24 Castle Age
20:13 Wheelbarrow
20:35 Gold Mining
20:29 Horse Collar
26:57 Heavy Plow
27:13 Bow Saw
31:34 Hand Cart
31:53 Forging
31:43 Scale Mail Armor
31:51 Scale Barding Armor
31:46 Scale Mail Armor
36:43 Imperial Age
34:08 Stone Mining
35:26 Iron Casting
35:48 Town Watch
36:15 Caravan
36:47 Bloodlines
36:54 Husbandry
37:34 Chain Barding Armor
40:42 Elite Jarl
43:44 Two-Man Saw
43:18 Crop Rotation
44:19 Stone Shaft Mining
44:47 Blast Furnace
44:22 Plate Barding Armor
44:33 Town Patrol
47:34 Conscription
47:07 Cranequins
48:07 Chain Mail Armor
47:52 Padded Archer Armor
53:45 Plate Mail Armor
53:15 Padded Archer Armor
53:06 Fletching
Teliot
3:45 Loom
12:22 Feudal Age
13:07 Double-Bit Axe
13:05 Horse Collar
15:37 Wheelbarrow
19:25 Castle Age
17:38 Fletching
17:50 Padded Archer Armor
17:47 Gold Mining
19:14 Scale Barding Armor
20:45 Hand Cart
25:17 Stone Mining
27:49 Bow Saw
30:52 Thumb Ring
31:01 Bodkin Arrow
31:36 Leather Archer Armor
31:48 Ballistics
33:19 Gold Shaft Mining
37:10 Imperial Age
37:34 Caravan
37:32 Heavy Cavalry Archer
39:42 Bracer
40:13 Ring Archer Armor
40:36 Recurve Bow
42:32 Two-Man Saw
42:25 Conscription
44:02 Elite Magyar Huszar
46:13 Chemistry
46:14 Bloodlines
46:05 Husbandry
48:30 Parthian Tactics
Rough-Rider
7:45 Loom
12:00 Feudal Age
12:56 Horse Collar
13:03 Double-Bit Axe
16:42 Castle Age
16:06 Stone Mining
16:08 Gold Mining
16:43 Fletching
16:41 Town Watch
17:57 Bow Saw
24:12 Wheelbarrow
26:36 Bloodlines
27:18 Hand Cart
28:55 Heavy Plow
31:02 Elite Skirmisher
33:00 Fortified Wall
35:15 Caravan
36:21 Bloodlines
36:36 Bodkin Arrow
37:48 Ballistics
37:39 Masonry
37:39 Scale Mail Armor
37:49 Forging
39:28 Stone Shaft Mining
43:21 Imperial Age
42:39 Town Patrol
42:48 Town Patrol
43:05 Scale Barding Armor
43:35 Iron Casting
43:16 Chain Mail Armor
43:02 Padded Archer Armor
44:29 Conscription
43:39 Capped Ram
43:41 Cavalier
45:34 Chain Barding Armor
46:15 Blast Furnace
46:18 Two-Man Saw
46:01 Guilds
48:27 Crop Rotation
48:36 Plate Barding Armor
48:32 Plate Mail Armor
50:59 Siege Engineers
51:55 Chemistry
50:56 Onager
51:01 Paladin
53:33 Leather Archer Armor
Q8_Rasheed
14:02 Feudal Age
18:55 Castle Age
17:02 Double-Bit Axe
17:25 Horse Collar
17:39 Gold Mining
26:02 Town Watch
29:44 Bow Saw
30:16 Heavy Plow
31:14 Loom
34:16 Imperial Age
32:39 Bloodlines
32:29 Husbandry
33:04 Scale Barding Armor
33:10 Forging
34:01 Wheelbarrow
33:27 Town Patrol
34:25 Husbandry
35:02 Cavalier
36:55 Chain Barding Armor
38:12 Iron Casting
38:13 Plate Barding Armor
38:42 Hand Cart
38:29 Paladin
40:49 Blast Furnace
39:40 Fletching
39:50 Padded Archer Armor
41:54 Pikeman
42:34 Squires
44:15 Caravan
48:37 Scale Mail Armor
48:32 Bodkin Arrow
48:53 Leather Archer Armor
48:36 Arson
51:29 Two-Man Saw
50:33 Elite Skirmisher
51:19 Thumb Ring
50:36 Heavy Mounted Crossbowman
52:22 Bracer
52:52 Ring Archer Armor
52:38 Chain Mail Armor
divac
11:28 Feudal Age
15:39 Castle Age
14:21 Double-Bit Axe
14:53 Horse Collar
18:11 Bow Saw
20:46 Loom
21:52 Heavy Plow
23:41 Forging
23:27 Gold Mining
24:19 Bloodlines
24:48 Husbandry
25:58 Wheelbarrow
25:45 Stone Mining
26:46 Scale Barding Armor
27:38 Hand Cart
29:19 Iron Casting
30:27 Town Watch
31:22 Chain Barding Armor
32:02 Stone Shaft Mining
36:30 Imperial Age
37:00 Elite Jarl
38:10 Conscription
40:29 Blast Furnace
40:05 Plate Barding Armor
41:41 Two-Man Saw
41:11 Crop Rotation
47:48 Guilds
50:17 Fletching
TioJorge
9:55 Feudal Age
10:42 Double-Bit Axe
11:31 Loom
18:05 Castle Age
20:01 Gold Mining
22:31 Thumb Ring
25:14 Town Watch
27:18 Ballistics
27:15 Horse Collar
28:25 Fletching
29:56 Bodkin Arrow
31:36 Wheelbarrow
31:29 Padded Archer Armor
33:19 Gold Shaft Mining
34:10 Leather Archer Armor
34:59 Hand Cart
36:00 Bloodlines
36:30 Masonry
37:55 Husbandry
45:59 Imperial Age
45:36 Nomads
45:26 Light Cavalry
54:04 Imperial Age
chomza
12:09 Feudal Age
15:16 Double-Bit Axe
17:40 Castle Age
18:49 Bow Saw
18:40 Horse Collar
22:49 Heavy Plow
33:32 Imperial Age
31:56 Gold Mining
31:57 Stone Mining
32:13 Scale Mail Armor
32:19 Scale Barding Armor
32:25 Forging
33:32 Pikeman
34:06 Gambesons
33:53 Heavy Camel Rider
35:42 Light Cavalry
36:33 Bloodlines
36:24 Husbandry
37:46 Gold Shaft Mining
41:02 Two-Man Saw
40:45 Wheelbarrow
39:55 Elite Mameluke
42:57 Onager
47:06 Chain Barding Armor
47:01 Chain Mail Armor
47:22 Iron Casting
Boopid
13:00 Feudal Age
18:56 Castle Age
21:12 Double-Bit Axe
21:11 Horse Collar
21:27 Gold Mining
22:05 Bow Saw
22:38 Stone Mining
31:20 Forging
32:39 Gold Shaft Mining
32:41 Wheelbarrow
35:33 Imperial Age
35:16 Iron Casting
36:26 Scale Mail Armor
36:33 Elite Hearth Troop
37:44 Conscription
38:28 Chain Mail Armor
39:23 Caravan
41:39 Two-Man Saw
45:33 Shield Wall
46:52 Plate Mail Armor
Connection lost

Rejoining the realm…

Still unreachable

The connection could not be restored.

Session expired

The server has moved on; the page needs a fresh start.